 Dungeon Crawl Stone Soup version 0.24-a0-375-g4de66ed42b (webtiles) character file.

Game seed: 6956916883770372694

11676 goulibeur the Protected (level 11, 0/99 HPs)
             Began as a Minotaur Fighter on May 31, 2019.
             Was a High Priest of Trog.
             Slain by a large slime creature (27 damage)
             ... on level 12 of the Dungeon.
             The game lasted 00:28:31 (10471 turns).

goulibeur the Protected (Minotaur Fighter)         Turns: 10471, Time: 00:28:32

Health: 0/99       AC: 10    Str: 22    XL:     11   Next: 52%
Magic:  10/10      EV: 13    Int:  5    God:    Trog [*****.]
Gold:   602        SH: 12    Dex: 12    Spells: 10/10 levels left

rFire    . . .     SeeInvis .   x - +9 morningstar "Qysaf" {freeze, rC+ Stlth+}
rCold    + . .     Gourm    .   c - +0 shield
rNeg     + . .     Faith    .   b - +0 scale mail
rPois    .         Spirit   .   O - +2 hat
rElec    .         Reflect  .   q - scarf {repulsion}
rCorr    .         Harm     .   (no gloves)
MR       .....                  (no boots)
Stlth    +.........             (no amulet)
HPRegen  0.26/turn              I - ring of positive energy
MPRegen  0.12/turn              (no ring)

@: berserk cooldown, slowed, repel missiles, very slow
A: retaliatory headbutt, horns 2
a: Berserk, Trog's Hand, Brothers in Arms, Renounce Religion


You were on level 12 of the Dungeon.
You worshipped Trog.
Trog was extremely pleased with you.
You were hungry.

You visited 1 branch of the dungeon, and saw 12 of its levels.

You collected 823 gold pieces.
You spent 221 gold pieces at shops.

Inventory:

Hand Weapons
 a - a +0 flail
 g - a +0 flail of protection
 x - the +9 morningstar "Qysaf" (weapon) {freeze, rC+ Stlth+}
   (You found it on level 6 of the Dungeon)

   It has been specially enchanted to freeze those struck by it, causing extra
   injury to most foes and up to half again as much damage against particularly
   susceptible opponents.
   It can also slow down cold-blooded creatures.
   It protects you from cold.
   It makes you more stealthy.
Missiles
 j - 69 sling bullets
 y - 39 poisoned darts
 D - 3 boomerangs (quivered)
 E - 6 atropa-tipped darts
Armour
 b - a +0 scale mail (worn)
 c - a +0 shield (worn)
 q - a scarf of repulsion (worn)
 O - a +2 hat (worn)
Jewellery
 I - a ring of positive energy (left hand)
Wands
 w - a wand of paralysis (12)
 B - a wand of acid (24)
 F - a wand of digging (6)
 K - a wand of iceblast (14)
 M - a wand of disintegration (14)
Scrolls
 e - a scroll of fog {unknown}
 m - 5 scrolls of identify
 n - a scroll of magic mapping {unknown}
 p - 2 scrolls of enchant armour {unknown}
 s - 3 scrolls of immolation {unknown}
 t - 2 scrolls of enchant weapon {unknown}
 u - 2 scrolls of remove curse {unknown}
 A - a scroll of blinking {unknown}
 C - 3 scrolls of teleportation {unknown}
 G - 2 scrolls of amnesia {unknown}
 P - a scroll of fear {unknown}
Potions
 d - 3 potions of might
 h - 3 potions of degeneration
 i - 4 potions of berserk rage
 k - 13 potions of curing
 l - a potion of brilliance
 o - a potion of ambrosia {unknown}
 r - a potion of haste {unknown}
 v - 3 potions of mutation {unknown}
 z - 6 potions of heal wounds
 H - 3 potions of cancellation
 J - a potion of agility {unknown}
 N - a potion of lignification {unknown}
Comestibles
 f - 17 rations
 L - a chunk of flesh


   Skills:
 + Level 9.7 Fighting
 + Level 9.5 Maces & Flails
 + Level 7.5 Throwing
 + Level 9.8 Armour
 + Level 8.2 Dodging
 + Level 9.7 Shields


You had 10 spell levels left.
You didn't know any spells.
Your spell library was empty.

Dungeon Overview and Level Annotations

Branches:
Dungeon (11/15)            Temple (0/1) D:4            Lair (0/6) D:8
    Orc (0/2) D:9

Altars:
Dithmenos
Elyvilon
Hepliaklqana
Kikubaaqudgha
Makhleb
Okawaru
Trog
Uskayaw

Shops:
D:9 !

Annotations:
D:8 2 transporters, Ratty's ghost, novice DENe
D:10 2 transporters, Lanoc's ghost, journeyman FoFi


Innate Abilities, Weirdness & Mutations

You reflexively headbutt those who attack you in melee.
You have a pair of horns on your head.


Message History

The troll is moderately wounded.
The troll barely misses you. You block the troll's attack.
The troll closely misses you. The troll bites you!
You block the troll's attack. The troll claws you.
You puncture the troll! You freeze the troll. Your headbutt misses the troll.
The troll is severely wounded.
The troll closely misses you. You block the troll's attack. x3
The troll closely misses you. x2
You closely miss the troll.
The troll is severely wounded.
You block the large slime creature's attack.
You block the troll's attack. The troll claws you.
* * * LOW HITPOINT WARNING * * *
The troll claws you but does no damage.
You puncture the troll! You freeze the troll!
You kill the troll!
Trog accepts your kill.
The large slime creature hits you but does no damage.
The large slime creature hits you!!
You die...

#)# #.### #...#
###.# #.# #.#
#.# #J#
######@#
###.....†##.
#.............#
#.#.#######.#.#
#.#.# .. #.#.#
# #.#.#######
#..........
###..######


You could see a large slime creature.

Vanquished Creatures
  Gastronok (D:10)
  3 two-headed ogres
  An unseen horror (D:12)
  A slime creature (D:12)
  Joseph (D:10)
  2 trolls
  A hornet (D:10)
  4 hippogriffs
  A wyvern (D:10)
  9 orc warriors
  A water moccasin (D:7)
  A black bear (D:8)
  4 sky beasts
  A hornet zombie (D:6)
  7 ogres
  2 necrophages (D:10)
  2 centaurs
  2 big kobolds
  6 bullfrogs
  A wyvern zombie (D:9)
  A gnoll sergeant (D:8)
  A scorpion (D:6)
  3 killer bees (D:10)
  A wight (D:5)
  7 crimson imps
  A centaur zombie (D:6)
  6 hounds
  A quasit (D:8)
  2 bullfrog zombies
  A jelly (D:6)
  3 centaur skeletons
  9 orc priests
  An iguana (D:6)
  A bullfrog skeleton (D:10)
  19 orc wizards
  3 worker ants
  A hound zombie (D:10)
  2 hound skeletons
  3 worker ant zombies
  6 gnolls
  8 adders
  3 shadow imps
  2 oozes
  2 adder skeletons
  2 worms (D:2)
  4 leopard geckos
  52 orcs
  7 giant cockroaches
  15 goblins
  8 hobgoblins
  5 jackals
  5 quokkas
  A ball python (D:4)
  A ball python zombie (D:5)
  5 bats
  11 frilled lizards
  A jackal skeleton (D:6)
  6 kobolds
  A leopard gecko skeleton (D:6)
  8 rats
270 creatures vanquished.

Notes
Turn   | Place    | Note
-------+----------+-------------------------------------------
     0 | D:1      | goulibeur the Minotaur Fighter began the quest for the Orb.
     0 | D:1      | Reached XP level 1. HP: 19/19 MP: 0/0
   215 | D:1      | Reached XP level 2. HP: 27/27 MP: 1/1
   616 | D:1      | Reached skill level 1 in Throwing
   653 | D:1      | Reached XP level 3. HP: 32/33 MP: 2/2
   870 | D:2      | Reached skill level 1 in Dodging
   930 | D:2      | Noticed a moth of wrath
   933 | D:2      | Found a bloodstained altar of Trog.
  1285 | D:2      | Became a worshipper of Trog the Wrathful
  1327 | D:2      | Reached XP level 4. HP: 40/40 MP: 3/3
  1808 | D:3      | Found an iron altar of Okawaru.
  2088 | D:3      | Reached * piety under Trog
  2088 | D:3      | Reached XP level 5. HP: 34/47 MP: 4/4
  2485 | D:3      | Found a shadowy altar of Dithmenos.
  2875 | D:4      | Found a staircase to the Ecumenical Temple.
  2911 | D:4      | Reached XP level 6. HP: 52/53 MP: 5/5
  2966 | D:4      | Reached skill level 5 in Armour
  3505 | D:5      | Entered Level 5 of the Dungeon
  3517 | D:5      | Noticed an orc warrior
  3527 | D:5      | Killed an orc warrior
  3527 | D:5      | Reached skill level 5 in Fighting
  3527 | D:5      | Reached skill level 5 in Shields
  3527 | D:5      | Reached XP level 7. HP: 13/61 MP: 6/6
  4087 | D:5      | Reached ** piety under Trog
  4531 | D:5      | Reached skill level 5 in Maces & Flails
  4698 | D:6      | Reached XP level 8. HP: 45/70 MP: 7/7
  5631 | D:6      | Reached *** piety under Trog
  5867 | D:6      | Reached skill level 5 in Dodging
  5867 | D:6      | Reached XP level 9. HP: 53/78 MP: 8/8
  6132 | D:6      | Got a twisted morningstar
  6133 | D:6      | Identified the +9 morningstar "Qysaf" {freeze, rC+ Stlth+}
                  | (You found it on level 6 of the Dungeon)
  6669 | D:7      | Reached skill level 5 in Throwing
  6797 | D:7      | Found a hazy altar of Hepliaklqana.
  7118 | D:7      | Found a hide-covered altar of Uskayaw.
  7177 | D:7      | Found an ancient bone altar of Kikubaaqudgha.
  7177 | D:7      | Found a burning altar of Makhleb.
  7182 | D:7      | Found a faded altar of an unknown god.
  7184 | D:7      | Found a white marble altar of Elyvilon.
  7185 | D:7      | Found a faded altar of an unknown god.
  7271 | D:8      | Reached **** piety under Trog
  7362 | D:8      | Found a transporter.
  7365 | D:8      | Found a transporter.
  7365 | D:8      | Noticed Ratty's ghost (novice DENe)
  7367 | D:8      | Noticed a cyclops
  7523 | D:8      | Received a gift from Trog
  7696 | D:8      | Found a staircase to the Lair.
  7921 | D:8      | Reached XP level 10. HP: 86/88 MP: 9/9
  8158 | D:9      | Found a staircase to the Orcish Mines.
  8564 | D:9      | Found Jow Urei's Distillery.
  8570 | D:9      | Bought a potion of heal wounds for 65 gold pieces
  8570 | D:9      | Bought a potion of heal wounds for 65 gold pieces
  8570 | D:9      | Bought a potion of might for 52 gold pieces
  8570 | D:9      | Bought a potion of curing for 39 gold pieces
  8699 | D:10     | Entered Level 10 of the Dungeon
  8757 | D:10     | Noticed Joseph
  8764 | D:10     | Killed Joseph
  8843 | D:10     | Noticed Gastronok
  8854 | D:10     | Killed Gastronok
  9343 | D:10     | Found a transporter.
  9354 | D:10     | Noticed a moth of wrath
  9442 | D:10     | Noticed Lanoc's ghost (journeyman FoFi)
  9454 | D:10     | Found a transporter.
  9618 | D:10     | Noticed a two-headed ogre
  9619 | D:10     | Noticed a two-headed ogre
  9630 | D:10     | Killed a two-headed ogre
  9630 | D:10     | Reached XP level 11. HP: 82/97 MP: 10/10
  9648 | D:10     | Killed a two-headed ogre
 10149 | D:11     | Noticed a two-headed ogre
 10158 | D:11     | Killed a two-headed ogre
 10420 | D:11     | You fall into a shaft and drop 1 floor!
 10444 | D:12     | Reached ***** piety under Trog
 10449 | D:12     | Killed an unseen horror
 10471 | D:12     | Slain by a large slime creature

Levels and vault maps discovered:
D:1:      psy_arrival_whirlpool, layout_loops_corners
D:2:      layout_basic, tgw_trog
D:3:      layout_basic, lemuel_crystal_altar, first_ration,
          nicolae_dithmenos_shadow_blocks
D:4:      layout_loops_ring, minmay_temple_entry_tees, chequers_arboretum,
          minmay_strange_pillars
D:5:      layout_cave_pods, eino_curves_02, kennysheep_windowed_goal
D:6:      layout_loops_ring, minivault_22, minmay_misc_feat_enclosed
D:7:      layout_basic, nicolae_overflow_hidden_temple,
          nicolae_overflow_crystal_walls, chequers_temple_overflow_minitemple
D:8:      layout_loops_ring, lair_entry_dummy, gammafunk_ghost_arena
D:9:      layout_stronghold, orc_0_dummy, serial_shops, shop
D:10:     layout_big_octagon, gammafunk_ghost_berserking_beasts, grunt_pizzeria,
          minmay_fractal_squares_gapless_7, uniq_joseph, uniq_gastronok
D:11:     layout_loops_cross, serial_shops, kennysheep_mini
D:12:     layout_loops_ring, serial_shops, shop, kennysheep_nondescript,
          uniq_nergalle

Skill      XL: |  1  2  3  4  5  6  7  8  9 10 11 |
---------------+----------------------------------+-----
Throwing       | 1 2 3 4 5 6 7 |  7.5
Armour         | 4 5 6 8 9 |  9.8
Dodging        | 1 2 3 5 6 7 8 |  8.2
Shields        | 4 5 6 7 9 |  9.7
Maces & Flails | 3 4 5 6 7 8 9 |  9.5
Fighting       | 4 5 6 7 9 |  9.7

Action                   |  1- 3 |  4- 6 |  7- 9 | 10-12 || total
-------------------------+-------+-------+-------+-------++-------
Melee: Flail             |   105 |   173 |   233 |       ||   511
       Headbutt          |    19 |    24 |    59 |    25 ||   127
       Morningstar       |       |       |   116 |   146 ||   262
Throw: Dart              |       |       |     9 |       ||     9
       Boomerang         |       |       |       |    11 ||    11
Invok: Berserk           |       |     1 |     4 |     2 ||     7
  Use: Scroll            |       |       |       |     5 ||     5
  Eat: Chunk             |     1 |     8 |    12 |     9 ||    30
       Ration            |       |       |     2 |       ||     2
Armor: Scale mail        |    52 |    62 |   130 |    51 ||   295
Dodge: Dodged            |    30 |    53 |   123 |    70 ||   276
       Deflected         |       |     1 |     8 |     1 ||    10
Block: Shield            |    62 |    76 |   207 |    82 ||   427

Table legend:
 A = Non-vault XP
 B = Vault XP
 C = Vault XP percentage of total XP
 D = Non-vault monster count
 E = Vault monster count
 F = Vault count percentage of total count
                 A         B        C        D         E       F
            +---------+---------+-------+---------+---------+-------
      Total |   10935 |    5745 |  34.4 |     252 |      18 |   6.7
            +---------+---------+-------+---------+---------+-------
        D:1 |      47 |       0 |   0.0 |      27 |       0 |   0.0
        D:2 |      79 |      13 |  14.1 |      24 |       5 |  17.2
        D:3 |     135 |       0 |   0.0 |      21 |       0 |   0.0
        D:4 |     343 |       0 |   0.0 |      14 |       0 |   0.0
        D:5 |     658 |      57 |   8.0 |      23 |       1 |   4.2
        D:6 |    1804 |       0 |   0.0 |      48 |       0 |   0.0
        D:7 |     914 |       0 |   0.0 |      26 |       0 |   0.0
        D:8 |    1628 |       0 |   0.0 |      26 |       0 |   0.0
        D:9 |     809 |       0 |   0.0 |      14 |       0 |   0.0
       D:10 |     790 |    5675 |  87.8 |      11 |      12 |  52.2
       D:11 |    1599 |       0 |   0.0 |      13 |       0 |   0.0
       D:12 |    2129 |       0 |   0.0 |       5 |       0 |   0.0
            +---------+---------+-------+---------+---------+-------
